 Dungeon Crawl Stone Soup version 0.27-a0-1066-g29160eaed2 (webtiles) character file.

Game seed: 16305274053332765365

126 oxid the Skirmisher (level 4, -1/55 HPs)
             Began as a Demonspawn Berserker on Apr 24, 2021.
             Was a Follower of Trog.
             Slain by Natasha (5 damage)
             ... on level 2 of the Dungeon.
             The game lasted 00:07:16 (1693 turns).

oxid the Skirmisher (Demonspawn Berserker)          Turns: 1693, Time: 00:07:16

Health: -1/55      AC:  2    Str: 18    XL:     4   Next: 84%
Magic:  6/6        EV: 12    Int:  9    God:    Trog [*.....]
Gold:   82         SH:  0    Dex: 14    Spells: 6/6 levels left

rFire    . . .     SeeInvis .   a - +0 hand axe
rCold    . . .     Faith    .   (no shield)
rNeg     . . .     Spirit   .   b - +0 animal skin
rPois    .         Reflect  .   (no helmet)
rElec    .         Harm     .   (no cloak)
rCorr    .         Rampage  .   (no gloves)
Will     .....                  (no boots)
Stlth    ..........             (no amulet)
HPRegen  0.18/turn              (no ring)
MPRegen  0.10/turn              (no ring)

@: berserking, very quick
A: thin skeletal structure 1, spiny 1
a: Renounce Religion, Berserk


You were on level 2 of the Dungeon.
You worshipped Trog.
Trog was aware of your devotion.
You visited 1 branch of the dungeon, and saw 2 of its levels.

You collected 82 gold pieces.

Inventory:

Hand Weapons
 a - a +0 hand axe (weapon)
Missiles
 c - 13 poisoned darts (quivered)
Armour
 b - a +0 animal skin (worn)
 j - a +0 scale mail
Scrolls
 f - 2 scrolls of magic mapping
Potions
 d - a potion of heal wounds {unknown}
 e - a potion of curing {unknown}
 g - 2 potions of flight {unknown}
 h - a potion of haste {unknown}
 i - a potion of berserk rage {unknown}


   Skills:
 + Level 3.6 Fighting
 + Level 3.3 Axes
 + Level 2.5 Armour
 + Level 2.5 Dodging
 + Level 1.6 Spellcasting


You had 6 spell levels left.
You didn't know any spells.
Your spell library contained the following spells:

 Spells                   Type           Power      Damage    Failure   Level
 Freeze                   Ice            0%         1d3       34%         1
 Frozen Ramparts          Ice            0%         1d2       71%         3
 Ozocubu's Armour         Ice            0%         N/A       71%         3
 Hailstorm                Conj/Ice       0%         3d3       98%         4
 Metabolic Englaciation   Hex/Ice        0%         N/A       100%        5


Dungeon Overview and Level Annotations

Branches:
Dungeon (2/15)

Altars:

Annotations:
D:2 Natasha


Innate Abilities, Weirdness & Mutations

You have a somewhat thin skeletal structure. (Dex +2, Stealth+)
You are partially covered in sharp spines.


Message History

Trog accepts your kill.
Trog does not appreciate your training of magic skills!
You feel a little guilty.
You feel a strong urge to attack something.
You are no longer berserk.
You are exhausted.
You feel yourself slow down.
You feel yourself speed up.
You recover from your berserk rage.
Natasha, Servant of Life and Death comes into view.
Natasha is nearby!
Throw: 16 darts (poison)
Press: ? - help, Q - select action, (/) - cycle Shift-Dir - straight line, f - Natasha
Aim: Natasha (wandering, hasn't noticed you, 51% to hit)
You throw a poisoned dart. The poisoned dart misses Natasha.
Natasha hisses angrily.
Natasha mewls in sadness.
Throw: 15 darts (poison)
Press: ? - help, Q - select action, (/) - cycle Shift-Dir - straight line, f/p - Natasha
Aim: Natasha (51% to hit)
You throw a poisoned dart.
The poisoned dart closely misses Natasha.
Throw: 14 darts (poison)
Press: ? - help, Q - select action, (/) - cycle Shift-Dir - straight line, f/p - Natasha
Aim: Natasha (51% to hit)
You throw a poisoned dart. The poisoned dart hits Natasha.
Natasha is poisoned.
Natasha casts a spell at you. The magic dart hits you!
* * * LOW HITPOINT WARNING * * *
A red film seems to cover your vision as you go berserk!
You feel yourself moving faster!
You feel mighty!
You feel a strong urge to attack something.
Natasha howls an incantation.
You feel disoriented. Natasha is struck by your spines. Natasha claws you.
* * * LOW HITPOINT WARNING * * *
You hit Natasha.
Natasha is heavily wounded.
Natasha claws you.
You die...

,,,,,,....#.##...................
**#..#*#..#.##.#.#.####..........
* #..###.........................
###..............#.####.####.##..
.....h....#.##.###.####.####.##..
,................................
**#..##...#.##.###.####.####.##..
*##..##...#.##.###.####.####.....
*#........(...(h@.....#..........
...).##..#####.###...............
(............................##..
...........................#.##..
...#####.#####.###.##.#.##.#.##..
...* #.# #.###.##.#.##.......
#..* #.# #..........##.#.##..
#..* #.# #.###.##.#.##.#.....
*,,* ### #........#.##.#.###.


You could see Natasha (poisoned).

Vanquished Creatures
  Terence (D:2)
  Natasha (twice) (D:2)
  An adder (D:2)
  A gnoll (D:1)
  A dart slug (D:1)
  5 ball pythons
  3 bats
  2 endoplasms
  3 giant cockroaches
  2 goblins
  3 hobgoblins (D:1)
  A quokka (D:1)
  4 frilled lizards
  2 kobolds
  2 rats
33 creatures vanquished.

Notes
Turn   | Place    | Note
-------+----------+-------------------------------------------
     0 | D:1      | oxid the Demonspawn Berserker began the quest for the Orb.
     0 | D:1      | Reached XP level 1. HP: 18/18 MP: 1/1
   150 | D:1      | You fall into a shaft and drop 1 floor!
   254 | D:1      | Gained mutation: You are partially covered in sharp spines.
                  | [demonic ancestry]
   254 | D:1      | Reached XP level 2. HP: 24/24 MP: 2/2
   261 | D:1      | Found a faded altar of an unknown god.
   829 | D:1      | Gained mutation: You have a somewhat thin skeletal
                  | structure. (Dex +2, Stealth+) [demonic ancestry]
   829 | D:1      | Reached XP level 3. HP: 29/29 MP: 4/4
   988 | D:1      | Reached skill level 1 in Spellcasting
  1146 | D:2      | Noticed Natasha
  1158 | D:2      | Killed Natasha
  1418 | D:2      | Noticed Natasha
  1426 | D:2      | Killed Natasha
  1427 | D:2      | Reached XP level 4. HP: 35/35 MP: 4/6
  1589 | D:2      | Noticed Terence
  1598 | D:2      | Killed Terence
  1598 | D:2      | HP: 1/52 [adder (3)]
  1673 | D:2      | Noticed Natasha
  1693 | D:2      | Slain by Natasha

Illustrated notes

Levels and vault maps discovered:
D:1:      wander_arrival_desolate, layout_basic,
          hellmonk_ecumenical_altar_pennies_from_heaven
D:2:      layout_basic, uniq_terence, uniq_natasha

Skill      XL: |  1  2  3 |
---------------+----------+-----
Dodging        | 2 |  2.5
Armour         | 2 |  2.5
Axes           | 3 |  3.3
Spellcasting   | 1 |  1.6
Fighting       | |  3.6

Action                   |  1- 3 |  4- 6 || total
-------------------------+-------+-------++-------
Melee: Hand axe          |    64 |     6 ||    70
Throw: Dart              |    15 |     5 ||    20
Invok: Berserk           |     2 |     2 ||     4
  Use: Scroll            |     4 |       ||     4
 Stab: Sleeping          |     1 |       ||     1
Armor: Animal skin       |     7 |       ||     7
Dodge: Dodged            |    39 |     1 ||    40

Table legend: (Time is in decaauts)
 A = Elapsed time spent in this place.
 B = Non-inter-level travel time spent in this place.
 C = Inter-level travel time spent in this place.
 D = Time resting spent in this place.
 E = Time spent auto-exploring this place.
 F = Levels seen in this place.
 G = Mean time per level.
                   A        B        C        D        E       F      G
               +--------+--------+--------+--------+--------+-----+--------+
         Total |   1743 |   1743 |      0 |     19 |   1175 |   2 |  871.5 |
       Dungeon |   1743 |   1743 |      0 |     19 |   1175 |   2 |  871.5 |
               +--------+--------+--------+--------+--------+-----+--------+

Top non-repeatable levels by time:
     D:1: 957 daAuts
     D:2: 785 daAuts
